 Dungeon Crawl Stone Soup version 0.32-a0-128-g77eb882913 (webtiles) character file.

Game seed: 4807090412758997025

6 GordonOverkill the Sneak (level 1, 0/11 HPs)
             Began as a Spriggan Delver on Feb 8, 2024.
             Slain by a quokka (4 damage)
             ... on level 3 of the Dungeon.
             The game lasted 00:01:21 (486 turns).

GordonOverkill the Sneak (Spriggan Delver)           Turns: 486, Time: 00:01:22

Health: 0/11       AC:  2    Str:  8    XL:     1   Next: 75%
Magic:  2/2        EV: 17    Int: 11    God:
Gold:   7          SH:  0    Dex: 16    Spells: 0/0 levels left

rFire   . .          .
                       - Unarmed
rCold   . . .        (no shield)
rNeg    . . .        a - +0 robe
rPois   .            (helmet restricted)
rElec   .            (no cloak)
rCorr   .            (gloves unavailable)
SInv    +            (boots unavailable)
Will    .....        (no amulet)
Stlth   ++++         (no ring)
HPRegen 0.21/turn    (no ring)
MPRegen 0.08/turn

%: no passive effects
@: very quick
A: very small, no large weapons, unfitting armour, see invisible, speed 3
a: no special abilities


You were on level 3 of the Dungeon.
You visited 1 branch of the dungeon, and saw 4 of its levels.

You collected 7 gold pieces.

Inventory:

Armour
 a - a +0 robe (worn)
Jewellery
 g - a ring of ice
Wands
 f - a wand of digging (3)
Scrolls
 b - a scroll of fog
 c - a scroll of revelation
 d - a scroll of fear
 h - a scroll of identify {unknown}
Potions
 e - a potion of haste


   Skills:
 + Level 2.8 Fighting
 - Level 2.6 Dodging
 - Level 7.2 Stealth
 - Level 1.5 Unarmed Combat


You couldn't memorise any spells.
You didn't know any spells.
Your spell library was empty.

Dungeon Overview and Level Annotations

Branches:
Dungeon (6/15)
 Temple: D:4-7

Altars:
Ru

Annotations:
D:5 Sigmund


Innate Abilities, Weirdness & Mutations

You are very small and have problems with some larger weapons.
You are too small for most types of armour.
You have supernaturally acute eyesight. (SInv)
You cover ground extremely quickly. (Speed+++)


Message History

You barely miss the giant cockroach.
The giant cockroach is heavily wounded.
The giant cockroach misses you.
You hit the giant cockroach but do no damage.
The giant cockroach is heavily wounded.
The giant cockroach closely misses you.
You hit the giant cockroach.
You kill the giant cockroach!
You start waiting.
An orc comes into view. It is wielding a +0 hand axe.
Found a stone staircase leading up.
You see here a scroll labelled FULI VAURYMO.
h - a scroll labelled FULI VAURYMO You start waiting.
Done waiting.
Found a sacrificial altar of Ru.
There is a stone staircase leading up here.
Okay, then.
You climb upwards.
Found 13 gold pieces.
There is a stone staircase leading down here.
A quokka comes into view.
Found 11 gold pieces.
You barely miss the quokka. The quokka bites you.
* * * LOW HITPOINT WARNING * * *
You are too injured to fight recklessly!
You are too injured to fight recklessly!
You miss the quokka. The quokka closely misses you.
You hit the quokka. Your punch misses the quokka.
The quokka is moderately wounded.
The quokka barely misses you.
You miss the quokka.
The quokka is moderately wounded.
The quokka bites you.
* * * LOW HITPOINT WARNING * * *
You hit the quokka.
The quokka is moderately wounded.
The quokka bites you but does no damage.
The quokka bites you.
You die...

##..# ....# ##
#...# .##
#...# .$ #...#
##.# #...# ...
#...#
######.###...#
......r@.....#
#######......#
####..># #####


You could see a quokka.

Vanquished Creatures
  An orc (D:5)
  An endoplasm (D:4)
  2 giant cockroaches (D:4)
4 creatures vanquished.

Notes
Turn   | Place    | Note
-------+----------+-------------------------------------------
     0 | D:5      | GordonOverkill the Spriggan Delver began the quest for the
                  | Orb.
     0 | D:5      | Reached XP level 1. HP: 11/11 MP: 2/2
     1 | D:6      | Noticed a bullfrog
     1 | D:6      | Noticed a wight
     1 | D:6      | Noticed a wight
     2 | D:6      | Noticed an iguana
    76 | D:5      | Noticed Sigmund
   471 | D:4      | Found a sacrificial altar of Ru.
   486 | D:3      | Slain by a quokka

Illustrated notes

Levels and vault maps discovered:
D:3:      layout_basic
D:4:      layout_basic, kennysheep_mini_moat
D:5:      layout_basic, minmay_temple_entry_sparse_star, uniq_blork_the_orc,
          uniq_grinder, uniq_sigmund
D:6:      layout_rooms, mainiacjoe_overflow_concentric_impassable,
          old_standard_altar, nicolae_qazlal_scattered_showers

Action                     || total
---------------------------++-------
  Melee: Unarmed           ||    41
 Armour: Robe              ||     9
  Dodge: Dodged            ||    39

Table legend: (Time is in decaauts)
 A = Elapsed time spent in this place.
 B = Non-inter-level travel time spent in this place.
 C = Inter-level travel time spent in this place.
 D = Time resting spent in this place.
 E = Time spent auto-exploring this place.
 F = Levels seen in this place.
 G = Mean time per level.
                   A        B        C        D        E       F      G
               +--------+--------+--------+--------+--------+-----+--------+
         Total |    421 |    421 |      0 |    269 |      0 |   4 |  105.2 |
       Dungeon |    421 |    421 |      0 |    269 |      0 |   4 |  105.2 |
               +--------+--------+--------+--------+--------+-----+--------+

Top non-repeatable levels by time:
     D:4: 357 daAuts
     D:5: 53 daAuts
     D:3: 8 daAuts
     D:6: 1 daAuts
